[Event "Titled Tuesday Blitz August 09 Early 2022"]
[White "Filippova, Margarita"]
[Black "Rose, Felix"]
[WhiteFideId "34199680"]
[BlackFideId "5105722"]
[WhiteElo "1734"]
[BlackElo "2039"]
[Result "1/2-1/2"]
[Round "06"]
[TimeControl "180+1"]
[Date "2022.08.09"]
[WhiteClock "0:00:59"]
[BlackClock "0:00:34"]

1. Nf3 d5 2. d4 Nf6 3. c4 e6 4. Nc3 Be7 5. Bg5 Nbd7 6. e3 h6 7. Bh4 O-O 8. Qc2 c5 9. cxd5 Nxd5 10. Bxe7 Qxe7 11. Bc4 Nxc3 12. Qxc3 Nb6 13. Be2 cxd4 14. Nxd4 Nd5 15. Qd2 Qb4 16. Qxb4 Nxb4 17. O-O Bd7 18. Bf3 Rab8 19. a3 Nc6 20. Nb5 Ne5 21. Be2 Bxb5 22. Bxb5 Rfd8 23. Rfd1 a6 24. Be2 Kf8 25. f4 Nc6 26. Kf2 Ke7 27. Bf3 Rxd1 28. Rxd1 Rd8 29. Rxd8 Nxd8 30. Ke2 Kd6 31. Kd3 Kc5 32. e4 a5 33. f5 e5 34. Bd1 b5 35. g4 Nc6 36. h4 f6 37. Bb3 Nd4 38. Bd1 b4 39. axb4+ Kxb4 40. Kd2 a4 41. Kd3 Nb3 42. Kc2 Nc5 43. Bf3 Kc4 44. Kd2 Kd4 45. Bd1 Nxe4+ 46. Ke2 Nc5 47. Kd2 e4 48. Ke2 e3 49. Bc2 Nb3 50. Kf3 Nd2+ 51. Ke2 Nc4 52. Bxa4 Nxb2 53. Bb5 Ke4 54. Bc6+ Kf4 55. Bd7 Na4 56. Bxa4 Kxg4 57. Kxe3 Kxf5 58. h5 Kg5 59. Bd1 g6 60. hxg6 Kxg6 61. Kf4 f5 62. Bc2 Kf6 63. Bxf5 h5 64. Bh3 h4 65. Kg4 Ke5 66. Kxh4 1/2-1/2


[Site "https://www.chess.com"]

[Event "Titled Tuesday Blitz August 09 Early 2022"]
[White "Fiorito, Joaquin"]
[Black "Levitskiy, Andrey"]
[WhiteFideId "180173"]
[BlackFideId "14132885"]
[WhiteElo "1758"]
[BlackElo "2293"]
[Result "0-1"]
[Round "06"]
[TimeControl "180+1"]
[Date "2022.08.09"]
[WhiteClock "0:00:12"]
[BlackClock "0:00:04"]

1. e4 e6 2. d4 d5 3. Nd2 c5 4. Ngf3 cxd4 5. Nxd4 Nc6 6. Bb5 Bd7 7. Nxc6 Bxc6 8. Bd3 Nf6 9. Qe2 dxe4 10. Nxe4 Nxe4 11. Bxe4 Be7 12. Bxc6+ bxc6 13. O-O O-O 14. c3 a5 15. Be3 a4 16. Rfd1 Qc8 17. Qc4 Qb7 18. Rd2 Rfd8 19. Rad1 Rxd2 20. Rxd2 h6 21. g3 Bf6 22. Bc5 Qb5 23. Qxb5 cxb5 24. Kg2 Rd8 25. Rxd8+ Bxd8 26. Kf3 f5 27. Ke3 Kf7 28. Kd3 Bf6 29. Bd4 e5 30. Bc5 Ke6 31. f3 g5 32. Bf8 h5 33. b3 Kd5 34. c4+ bxc4+ 35. bxc4+ Kc6 36. Bb4 g4 37. fxg4 hxg4 38. a3 Bg5 39. Bf8 Bc1 40. Bb4 Bb2 41. Bf8 Bd4 42. Bg7 Bb2 43. Bf8 Kd7 44. Bc5 Ke6 45. Kc2 Ba1 46. Kd3 e4+ 47. Ke3 Be5 48. Bb4 Bb2 49. Bc5 Ke5 50. Bb4 Bc1+ 51. Ke2 Kd4 52. c5 Kd5 53. Kd1 Bb2 54. Ke2 Bd4 55. c6 Kxc6 56. Bd2 Kd5 57. Bc1 Bg1 58. Bb2 Bd4 59. Bc1 Kc4 60. Kd2 Kb3 61. Ke2 Bb2 62. Bd2 Bxa3 63. Ke3 Bd6 64. Kd4 a3 65. Bc3 Be5+ 0-1


[Site "https://www.chess.com"]

[Event "Titled Tuesday Blitz August 09 Early 2022"]
[White "Flynn, Jacob"]
[Black "Ginzburg, Yakov"]
[WhiteFideId "2509393"]
[BlackFideId "4157176"]
[WhiteElo "1920"]
[BlackElo "2265"]
[Result "1-0"]
[Round "06"]
[TimeControl "180+1"]
[Date "2022.08.09"]
[WhiteClock "0:00:41"]
[BlackClock "0:00:46"]

1. d4 Nf6 2. c4 c5 3. d5 e6 4. Nc3 exd5 5. cxd5 d6 6. Nf3 g6 7. Nd2 Bg7 8. e4 O-O 9. Be2 Re8 10. O-O Nbd7 11. Nc4 Ne5 12. Ne3 g5 13. h3 h6 14. Qc2 a6 15. a4 Bd7 16. Re1 Ng6 17. Bf1 Rb8 18. a5 Nh5 19. g3 Ne5 20. Be2 Nf4 21. gxf4 gxf4 22. Ng4 Qh4 23. Bxf4 Nxg4 24. Bxg4 Bxg4 25. hxg4 Bd4 26. Kg2 Kh8 27. f3 Rg8 28. Qe2 Qf6 29. Bd2 h5 30. Rh1 Kg7 31. Rxh5 Rh8 32. Rah1 Rxh5 33. Rxh5 Rh8 34. Rxh8 Kxh8 35. f4 Qh4 36. Be1 Qh7 37. Nd1 Kg8 38. Bc3 Qg7 39. Bxd4 Qxd4 40. Nc3 Qb4 41. e5 Qxf4 42. e6 Kf8 43. exf7 Kxf7 44. Qf3 1-0


[Site "https://www.chess.com"]

[Event "Titled Tuesday Blitz August 09 Early 2022"]
[White "Gardezi, Arsal"]
[Black "Moreira, Ronaldo Alonso"]
[WhiteFideId "30949521"]
[BlackFideId "2110547"]
[WhiteElo "1781"]
[BlackElo "2037"]
[Result "1-0"]
[Round "06"]
[TimeControl "180+1"]
[Date "2022.08.09"]
[WhiteClock "0:01:13"]
[BlackClock "0:00:01"]

1. d4 Nf6 2. c4 e6 3. Nc3 d5 4. cxd5 exd5 5. Bg5 Be7 6. Nf3 h6 7. Bf4 c6 8. e3 Nh5 9. Be5 Nd7 10. Bd3 Nxe5 11. Nxe5 Nf6 12. Qe2 Bd6 13. f4 Qa5 14. O-O O-O 15. Kh1 Nd7 16. a3 f6 17. Ng6 Re8 18. Qf3 Nf8 19. Nh4 Bd7 20. Qg3 Re7 21. Rae1 Rae8 22. Bf5 Qc7 23. Qh3 Bxf5 24. Nxf5 Rf7 25. g4 Qd7 26. Ne2 Ng6 27. Neg3 Ne7 28. Nxe7+ Qxe7 29. Nf5 Qe4+ 30. Qg2 Bc7 31. Qxe4 Rxe4 32. Rc1 Kh7 33. Rfe1 g6 34. Ng3 Re8 35. Kg2 Rfe7 36. Kf2 Ba5 37. b4 Bc7 38. Re2 h5 39. gxh5 g5 40. Nf5 Re4 41. Ng3 R4e7 42. fxg5 fxg5 43. Rc3 Rf8+ 44. Kg2 g4 45. b5 cxb5 46. Rc5 a6 47. Rxd5 Ba5 48. Nf5 Ref7 49. Nd6 1-0


[Site "https://www.chess.com"]

[Event "Titled Tuesday Blitz August 09 Early 2022"]
[White "Garrido, Denis"]
[Black "Blanco Ronquillo, Humberto L."]
[WhiteFideId "601217"]
[BlackFideId "3504239"]
[WhiteElo "2346"]
[BlackElo "2425"]
[Result "0-1"]
[Round "06"]
[TimeControl "180+1"]
[Date "2022.08.09"]
[WhiteClock "0:01:25"]
[BlackClock "0:01:14"]

1. e4 c5 2. Nf3 Nc6 3. Bb5 Nf6 4. Nc3 e5 5. O-O d6 6. Nd5 Be7 7. Re1 Bg4 8. h3 Bh5 9. d3 O-O 10. c3 Nxd5 11. exd5 Nb8 12. d4 cxd4 13. cxd4 exd4 14. g4 Bg6 15. Nxd4 Nd7 16. Be3 Bf6 17. f4 Be4 18. Bc4 Nb6 19. Bb3 Nxd5 20. Bxd5 Bxd5 21. Nf5 Bc6 22. Nxd6 Bxb2 23. Rb1 Bc3 24. Re2 Bf3 0-1


[Site "https://www.chess.com"]

[Event "Titled Tuesday Blitz August 09 Early 2022"]
[White "Gheorghiu, Calin"]
[Black "Zhukov, Maksim"]
[WhiteFideId "1200305"]
[BlackFideId "34181790"]
[WhiteElo "2168"]
[BlackElo "1978"]
[Result "0-1"]
[Round "06"]
[TimeControl "180+1"]
[Date "2022.08.09"]
[WhiteClock "0:00:02"]
[BlackClock "0:01:34"]

1. d4 d5 2. Bf4 c6 3. c3 Nf6 4. e3 e6 5. Nd2 Bd6 6. Bxd6 Qxd6 7. f4 O-O 8. Bd3 Nbd7 9. Ngf3 Ne8 10. O-O f6 11. Qe2 e5 12. Nxe5 fxe5 13. fxe5 Qh6 14. e4 Nc7 15. c4 Rxf1+ 16. Rxf1 Nf8 17. exd5 cxd5 18. cxd5 Nxd5 19. Bc4 Be6 20. Ne4 Rd8 21. Nd6 Nf4 22. Bxe6+ N8xe6 23. Qf3 Rf8 24. Qb3 Ne2+ 0-1


[Site "https://www.chess.com"]

[Event "Titled Tuesday Blitz August 09 Early 2022"]
[White "Goldin, Roman"]
[Black "Ianov, Viktor"]
[WhiteFideId "2803860"]
[BlackFideId "14102730"]
[WhiteElo "2312"]
[BlackElo "2152"]
[Result "0-1"]
[Round "06"]
[TimeControl "180+1"]
[Date "2022.08.09"]
[WhiteClock "0:00:02"]
[BlackClock "0:00:23"]

1. Nf3 d6 2. d4 g6 3. e4 Bg7 4. Nc3 a6 5. a4 b6 6. Bc4 e6 7. h4 h6 8. Be3 Ne7 9. Qd2 Nd7 10. Ba2 Bb7 11. h5 g5 12. Nh2 Nf6 13. f3 Nxh5 14. Ng4 Nf6 15. Nxf6+ Bxf6 16. O-O-O Ng6 17. g3 c5 18. f4 gxf4 19. gxf4 cxd4 20. Bxd4 Bxd4 21. Qxd4 Ke7 22. Qf2 Qc7 23. f5 exf5 24. exf5 Ne5 25. f6+ Kf8 26. Rhg1 Rc8 27. Rg7 Qc5 28. Qg3 Ke8 29. Bb3 Rf8 30. Kb1 Kd8 31. Nd5 b5 32. Ne7 Rc7 33. Nf5 Rd7 34. Rd2 Be4 35. axb5 Bxf5 36. bxa6 Qb6 37. Rg8 Rxg8 38. Qxg8+ Kc7 39. Qe8 Qxa6 40. Rd4 Qf1+ 41. Ka2 Be6 42. Ra4 Bxb3+ 43. cxb3 Qf2 44. Ra6 Nd3 45. Qa8 Qxb2# 0-1


[Site "https://www.chess.com"]

[Event "Titled Tuesday Blitz August 09 Early 2022"]
[White "Gubanov, Oleg"]
[Black "Namitbir Singh Walia"]
[WhiteFideId "14115115"]
[BlackFideId "35071068"]
[WhiteElo "2080"]
[BlackElo "1664"]
[Result "0-1"]
[Round "06"]
[TimeControl "180+1"]
[Date "2022.08.09"]
[WhiteClock "0:00:01"]
[BlackClock "0:00:29"]

1. e4 c5 2. c3 d5 3. exd5 Qxd5 4. d4 Nc6 5. Nf3 Nf6 6. Be2 e6 7. Na3 cxd4 8. Nb5 Qd8 9. Nbxd4 Bd7 10. O-O Bd6 11. Nb5 Bb8 12. Nd6+ Bxd6 13. Qxd6 Qe7 14. Bf4 Nd5 15. Bg3 O-O 16. c4 Nb6 17. Qxe7 Nxe7 18. Bd6 Rfe8 19. Ne5 Nf5 20. Bc5 f6 21. Bxb6 fxe5 22. Bc7 e4 23. Rfd1 Bc6 24. b4 Rac8 25. Bf4 e5 26. Be3 Nxe3 27. fxe3 Rcd8 28. b5 Bd7 29. Rd5 Be6 30. Rxe5 Rd2 31. Bg4 Bd7 32. Rxe8+ Bxe8 33. Be6+ Bf7 34. Bxf7+ Kxf7 35. Rc1 Rxa2 36. c5 Ke7 37. c6 bxc6 38. bxc6 Kd8 39. Rc4 Ra6 40. c7+ Kc8 41. Rxe4 Rd6 42. Ra4 a6 43. Kf2 Kxc7 44. e4 Kb6 45. Kf3 Kb5 46. Ra1 Rf6+ 47. Ke3 a5 48. e5 Rh6 49. h3 Ra6 50. Ke4 Kc5 51. Kf5 g6+ 52. Ke4 Kc6 0-1


[Site "https://www.chess.com"]

[Event "Titled Tuesday Blitz August 09 Early 2022"]
[White "Gurevich, Dmitry"]
[Black "Terrieux, Kevin"]
[WhiteFideId "2000407"]
[BlackFideId "622591"]
[WhiteElo "2506"]
[BlackElo "2461"]
[Result "1/2-1/2"]
[Round "06"]
[TimeControl "180+1"]
[Date "2022.08.09"]
[WhiteClock "0:00:25"]
[BlackClock "0:00:10"]

1. d4 d5 2. c4 dxc4 3. Nf3 Nf6 4. e3 a6 5. Bxc4 b5 6. Be2 Bb7 7. O-O e6 8. a4 b4 9. b3 c5 10. Bb2 Nbd7 11. a5 Be7 12. Nbd2 O-O 13. Nc4 Rc8 14. Nfe5 Qc7 15. dxc5 Nxc5 16. f3 Rfd8 17. Qc2 Nfd7 18. Nxd7 Nxd7 19. Rfd1 Bf6 20. Bxf6 Nxf6 21. Rxd8+ Rxd8 22. Rd1 Rxd1+ 23. Qxd1 Nd5 24. Qd4 f6 25. e4 e5 26. Qa7 Nc3 27. Bf1 h6 28. h4 h5 29. Kh2 Kh7 30. Qb6 Qc6 31. Nd6 Ba8 32. Bxa6 Qd7 33. Bb5 Qe7 34. Bc4 g6 35. a6 f5 36. Qb8 Qxh4+ 37. Kg1 Qe1+ 38. Kh2 Qh4+ 39. Kg1 Qe1+ 40. Kh2 Qh4+ 1/2-1/2


[Site "https://www.chess.com"]

[Event "Titled Tuesday Blitz August 09 Early 2022"]
[White "Hambleton, Aman"]
[Black "Kravtsiv, Martyn"]
[WhiteFideId "2606577"]
[BlackFideId "14113147"]
[WhiteElo "2788"]
[BlackElo "2818"]
[Result "1-0"]
[Round "06"]
[TimeControl "180+1"]
[Date "2022.08.09"]
[WhiteClock "0:00:02"]
[BlackClock "0:00:02"]

1. d4 d5 2. Bf4 c5 3. e3 Nc6 4. c3 e6 5. Nd2 Nf6 6. Ngf3 Bd6 7. Bg3 O-O 8. Bd3 g6 9. O-O b6 10. e4 Bxg3 11. hxg3 cxd4 12. cxd4 dxe4 13. Nxe4 Bb7 14. Nxf6+ Qxf6 15. Be4 Rfd8 16. Qa4 Rac8 17. Rac1 Nxd4 18. Rxc8 Bxc8 19. Qxa7 e5 20. Nxd4 Rxd4 21. Qb8 Rxe4 22. Qxc8+ Kg7 23. Qc2 Rd4 24. Re1 Qd6 25. Qc3 h5 26. f4 f6 27. fxe5 fxe5 28. Qe3 Rd5 29. Kh2 Qf6 30. Qe4 Rc5 31. b4 Rc7 32. Qxe5 Qxe5 33. Rxe5 Rc2 34. Rb5 Rxa2 35. Rxb6 Rb2 36. Kh3 Rb1 37. g4 Rb3+ 38. Kh4 hxg4 39. Kxg4 Kf7 40. Kf4 Kg7 41. g4 Kf7 42. Kg5 Rb1 43. Rb7+ Ke6 44. Kxg6 Kd6 45. g5 Rf1 46. Rf7 Rb1 47. Rf6+ Ke7 48. Rf4 Rd1 49. Kg7 Rd7 50. Rf7+ 1-0


[Site "https://www.chess.com"]

[Event "Titled Tuesday Blitz August 09 Early 2022"]
[White "Harsh Suresh"]
[Black "Toncheva, Nadya"]
[WhiteFideId "45018464"]
[BlackFideId "2924056"]
[WhiteElo "2070"]
[BlackElo "1888"]
[Result "1-0"]
[Round "06"]
[TimeControl "180+1"]
[Date "2022.08.09"]
[WhiteClock "0:00:19"]
[BlackClock "0:00:02"]

1. e4 c5 2. Nc3 Nc6 3. Bb5 Nd4 4. Bc4 g6 5. Nf3 Bg7 6. Nxd4 cxd4 7. Qf3 e6 8. Nb5 d6 9. Qa3 Bf8 10. Nxd4 Nf6 11. Qf3 Bg7 12. d3 O-O 13. Bb3 a5 14. a4 Bd7 15. O-O Rc8 16. Bg5 h6 17. Bh4 g5 18. Bg3 Qb6 19. Nb5 Bxb5 20. axb5 Rfd8 21. c4 Qd4 22. Rxa5 Qxb2 23. Bd1 Qc3 24. Ra7 Ra8 25. Rxa8 Rxa8 26. Bxd6 Ra2 27. e5 Nd7 28. Qxb7 Nxe5 29. Bxe5 Bxe5 30. Bh5 Rxf2 31. Kxf2 Qd4+ 32. Ke2 Qb2+ 33. Kf3 g4+ 34. Kxg4 Qe2+ 35. Qf3 f5+ 36. Kh3 Qd2 37. b6 Qg5 38. g3 Qd2 39. b7 Qb4 40. Qc6 Kg7 41. Qd7+ Kf6 42. Qf7+ Kg5 43. Qg6# 1-0


[Site "https://www.chess.com"]

[Event "Titled Tuesday Blitz August 09 Early 2022"]
[White "Hartikainen, Jarmo"]
[Black "Samarth, J Rao"]
[WhiteFideId "503134"]
[BlackFideId "46652370"]
[WhiteElo "2142"]
[BlackElo "1514"]
[Result "0-1"]
[Round "06"]
[TimeControl "180+1"]
[Date "2022.08.09"]
[WhiteClock "0:00:37"]
[BlackClock "0:00:29"]

1. e4 e5 2. Nf3 Nc6 3. Bc4 Bc5 4. c3 Nf6 5. d4 exd4 6. b4 Bb6 7. e5 d5 8. exf6 dxc4 9. Qe2+ Kf8 10. b5 d3 11. Qe4 Na5 12. Ba3+ Kg8 13. Qe7 Qxe7+ 14. Bxe7 Bd7 15. a4 Re8 16. O-O Nb3 17. Ra2 h6 18. Nbd2 Nxd2 19. Nxd2 gxf6 20. Bxf6 Rh7 21. Nxc4 Be6 22. Nxb6 Bxa2 23. Nd7 d2 24. Ne5 Bb3 25. Nf3 d1=Q 0-1


[Site "https://www.chess.com"]

[Event "Titled Tuesday Blitz August 09 Early 2022"]
[White "Hosseinzadeh, Nima"]
[Black "Bosnjak, Petar"]
[WhiteFideId "12505323"]
[BlackFideId "14532581"]
[WhiteElo "2045"]
[BlackElo "2135"]
[Result "1-0"]
[Round "06"]
[TimeControl "180+1"]
[Date "2022.08.09"]
[WhiteClock "0:00:47"]
[BlackClock "0:00:27"]

1. e4 c6 2. d4 d5 3. e5 Bf5 4. Nf3 e6 5. Be2 Nd7 6. O-O Ne7 7. a4 Bg6 8. a5 b5 9. c3 a6 10. b4 Nf5 11. Nbd2 Nh4 12. Ne1 Be7 13. g3 Nf5 14. Bd3 Nf8 15. Qe2 Qd7 16. Ng2 O-O-O 17. Nb3 Kb7 18. g4 Nh6 19. Bg5 Ka7 20. Bxe7 Qxe7 21. h3 Nd7 22. f4 Bxd3 23. Qxd3 f5 24. exf6 gxf6 25. Rae1 Qf7 26. Qe3 Rhg8 27. f5 Nxg4 28. hxg4 exf5 29. Qe7 Qxe7 30. Rxe7 Kb8 31. gxf5 Rg3 32. Re3 Rdg8 33. Rxg3 Rxg3 34. Re1 Rxc3 35. Nc5 Nxc5 36. dxc5 Rb3 37. Re6 Kc7 38. Rxf6 Rxb4 39. Rf7+ Kd8 40. f6 Ke8 41. Rc7 Re4 42. Rxc6 d4 43. Rxa6 d3 44. Rd6 d2 45. Rxd2 Kf7 46. a6 Ra4 47. Rd6 Ra1+ 48. Kf2 b4 49. Rb6 b3 50. Ne3 b2 51. Rxb2 Rxa6 52. Rb6 Ra4 53. Rd6 Rf4+ 54. Kg3 Re4 55. Nd5 Rc4 56. c6 Rc1 57. c7 Kg6 58. Rd8 1-0


[Site "https://www.chess.com"]

[Event "Titled Tuesday Blitz August 09 Early 2022"]
[White "Jaskolka, Tomasz"]
[Black "Sohier, Julien"]
[WhiteFideId "1170791"]
[BlackFideId "645346"]
[WhiteElo "2073"]
[BlackElo "2209"]
[Result "0-1"]
[Round "06"]
[TimeControl "180+1"]
[Date "2022.08.09"]
[WhiteClock "0:00:03"]
[BlackClock "0:00:13"]

1. d4 d5 2. c4 c6 3. Nf3 Nf6 4. g3 g6 5. Bg2 Bg7 6. Nc3 O-O 7. O-O dxc4 8. Ne5 Ng4 9. Nf3 Nd7 10. e4 e5 11. d5 cxd5 12. Nxd5 Nb6 13. Bg5 f6 14. Nxb6 Qxb6 15. Bd2 Qxb2 16. Rb1 Qxa2 17. Bb4 Re8 18. h3 Nh6 19. Qd5+ Nf7 20. Rfd1 a5 21. Ra1 Qb3 22. Rab1 Qa4 23. Bc5 c3 24. Ra1 Qc6 25. Qxc6 bxc6 26. Rdc1 a4 27. Rxc3 Be6 28. Bf1 Red8 29. Be3 Rdc8 30. Nd2 Bf8 31. Nc4 Bb4 32. Rcc1 Bxc4 33. Bxc4 Kg7 34. f4 Nd6 35. Bd3 c5 36. fxe5 fxe5 37. Bg5 c4 38. Bc2 Bc3 39. Rxa4 Rxa4 40. Bxa4 Bd4+ 41. Kg2 Nxe4 42. Be7 c3 43. Kf3 Nf6 44. Ke2 Nd5 45. Bd6 Nb6 46. Bc2 Nc4 47. Bb4 Ne3 48. Be4 Nf5 49. g4 Ng3+ 50. Kd3 Nxe4 51. Kxe4 Rc4 52. Bd6 c2 53. Bxe5+ Bxe5+ 54. Kxe5 Kh6 55. h4 Rc8 56. Kf6 Rc6+ 57. Ke5 Kg7 58. Kf4 Kf6 59. Ke3 Ke5 60. Kf3 Rc8 61. Ke3 h6 62. h5 g5 63. Kf3 Kd4 64. Ke2 Ke4 65. Kd2 Kf4 66. Rf1+ Kxg4 67. Kc1 Kxh5 68. Re1 Kg6 69. Re6+ Kh5 70. Re4 g4 71. Re5+ Kh4 72. Re1 h5 73. Rh1+ Kg5 74. Rd1 cxd1=Q+ 75. Kb2 Qd4+ 76. Kb3 Qb6+ 77. Ka4 Ra8# 0-1


[Site "https://www.chess.com"]

[Event "Titled Tuesday Blitz August 09 Early 2022"]
[White "Kashefi, Amir Hosein"]
[Black "Khripachenko, Alexander"]
[WhiteFideId "12557935"]
[BlackFideId "54184975"]
[WhiteElo "1962"]
[BlackElo "2233"]
[Result "0-1"]
[Round "06"]
[TimeControl "180+1"]
[Date "2022.08.09"]
[WhiteClock "0:00:02"]
[BlackClock "0:00:14"]

1. d4 d5 2. c4 e6 3. Nc3 Be7 4. cxd5 exd5 5. Qc2 c6 6. Bf4 g6 7. e3 Bf5 8. Bd3 Bxd3 9. Qxd3 Nd7 10. Nge2 Ngf6 11. h4 h5 12. O-O-O Qa5 13. Kb1 O-O-O 14. Rc1 Nb6 15. b3 Bd6 16. Bxd6 Rxd6 17. Nb5 Rd7 18. Rc5 Kb8 19. Nbc3 Qa3 20. Rc1 Re8 21. Ka1 Nc8 22. Nb1 Qb4 23. a3 Qb6 24. b4 Ne4 25. Nec3 Nxc5 26. bxc5 Qc7 27. g3 Ka8 28. Nd2 Ne7 29. Rb1 Nf5 30. Nb3 Rb8 31. Na4 Ng7 32. Qc2 Ne6 33. Nd2 b5 34. cxb6 axb6 35. Nf3 b5 36. Nc3 Qa5 37. Rb3 Rc7 38. Na2 c5 39. dxc5 Rxc5 40. Qd1 Rbc8 41. Kb2 Qa4 42. Nb4 Nc7 43. Ne5 Na6 44. Nd7 Ka7 45. Nxa6 Rc2+ 46. Qxc2 Rxc2+ 47. Kxc2 Qc4+ 48. Rc3 Qe2+ 49. Kb3 Kxa6 50. Rc7 Qxf2 51. Kb4 Qxe3 52. Rc6+ Kb7 53. Rd6 Qd4+ 54. Kxb5 Qc4+ 55. Ka5 Kc7 56. Ra6 Kxd7 57. Ra7+ Ke6 58. a4 Qc5+ 59. Ka6 Qc6+ 60. Ka5 d4 61. Ra6 Qxa6+ 62. Kxa6 d3 63. a5 d2 64. Kb7 d1=Q 65. a6 Qb3+ 66. Ka8 Qxg3 67. a7 Qf3+ 68. Kb8 g5 69. hxg5 Kf5 70. Kc7 Kxg5 71. a8=Q Qxa8 72. Kd6 Qf3 73. Ke7 h4 0-1


[Site "https://www.chess.com"]

[Event "Titled Tuesday Blitz August 09 Early 2022"]
[White "Kaufman, Raymond"]
[Black "Miszler, Levente"]
[WhiteFideId "2015056"]
[BlackFideId "763276"]
[WhiteElo "2321"]
[BlackElo "1966"]
[Result "0-1"]
[Round "06"]
[TimeControl "180+1"]
[Date "2022.08.09"]
[WhiteClock "0:00:03"]
[BlackClock "0:00:43"]

1. e4 e6 2. d4 d5 3. Nc3 Bb4 4. Ne2 dxe4 5. a3 Ba5 6. b4 Bb6 7. Nxe4 Nf6 8. Nxf6+ Qxf6 9. Be3 O-O 10. c4 c6 11. h4 e5 12. c5 Bc7 13. d5 cxd5 14. Qxd5 Nc6 15. Bg5 Qe6 16. Qxe6 Bxe6 17. b5 Nd4 18. Nxd4 exd4 19. Bd3 h6 20. Bd2 Rfe8 21. O-O Rad8 22. Rac1 g6 23. Bxh6 Be5 24. Rfe1 Bf6 25. Bg5 Kg7 26. c6 bxc6 27. Rxc6 Bxg5 28. hxg5 Rd5 29. f4 Bd7 30. Rxe8 Bxe8 31. Rc7 Bxb5 32. Bxb5 Rxb5 33. Rxa7 Rf5 34. g3 Rc5 35. Kf2 Rc3 36. a4 Ra3 37. a5 Ra2+ 38. Kf3 d3 39. a6 Kg8 40. Ra8+ Kg7 41. a7 Kh7 42. g4 Kg7 43. f5 gxf5 44. gxf5 Kh7 45. g6+ fxg6 46. f6 Ra1 47. f7 Rf1+ 48. Ke3 Rxf7 49. Rh8+ Kxh8 50. a8=Q+ Kg7 51. Kxd3 Rf5 52. Ke4 Rh5 53. Qe8 Rf5 54. Qe7+ Kg8 55. Qe6+ Kg7 56. Qe7+ Kg8 57. Qd7 Rh5 58. Qe8+ Kg7 59. Qe7+ Kh6 0-1


[Site "https://www.chess.com"]

[Event "Titled Tuesday Blitz August 09 Early 2022"]
[White "Kazancev, Valerij M"]
[Black "Avinash, Ramesh"]
[WhiteFideId "4179609"]
[BlackFideId "45018340"]
[WhiteElo "2566"]
[BlackElo "1901"]
[Result "0-1"]
[Round "06"]
[TimeControl "180+1"]
[Date "2022.08.09"]
[WhiteClock "0:01:02"]
[BlackClock "0:01:44"]

1. c4 Nf6 2. g3 g6 3. Bg2 Bg7 4. Nc3 O-O 5. d3 c6 6. e4 d6 7. Nge2 a6 8. a4 c5 9. O-O Nc6 10. h3 Ne8 11. f4 Nc7 12. g4 Ne6 13. Ng3 Ned4 14. f5 Rb8 15. g5 b5 16. axb5 axb5 17. Nd5 Be5 18. Bf4 bxc4 19. Bxe5 Nxe5 20. f6 exf6 21. Nxf6+ Kh8 22. dxc4 Rxb2 23. Ra8 Rxg2+ 24. Kxg2 Bxh3+ 0-1


[Site "https://www.chess.com"]

[Event "Titled Tuesday Blitz August 09 Early 2022"]
[White "Khabinets, Ivan"]
[Black "Winterberg, Lukas"]
[WhiteFideId "14115980"]
[BlackFideId "24622702"]
[WhiteElo "2114"]
[BlackElo "2349"]
[Result "1-0"]
[Round "06"]
[TimeControl "180+1"]
[Date "2022.08.09"]
[WhiteClock "0:02:06"]
[BlackClock "0:01:41"]

1. e4 e6 2. d4 d5 3. Nd2 c5 4. exd5 Qxd5 5. Ngf3 cxd4 6. Bc4 Qd7 7. O-O Nc6 8. Nb3 a6 9. Nbxd4 Nxd4 10. Nxd4 Qc7 11. Be2 Nf6 12. c3 Be7 13. Re1 O-O 14. Bf3 e5 15. Nb3 Bf5 16. Be3 Rad8 17. Qc1 Ng4 18. h3 Nxe3 19. Qxe3 f6 20. Rad1 Rxd1 21. Rxd1 Rd8 22. Rxd8+ Bxd8 23. Qc5 b6 24. Bd5+ Kh8 25. Qf8# 1-0


[Site "https://www.chess.com"]

[Event "Titled Tuesday Blitz August 09 Early 2022"]
[White "Koutlas, Nikolaos"]
[Black "Grot, Blazej"]
[WhiteFideId "25827138"]
[BlackFideId "21835845"]
[WhiteElo "1738"]
[BlackElo "1614"]
[Result "0-1"]
[Round "06"]
[TimeControl "180+1"]
[Date "2022.08.09"]
[WhiteClock "0:00:07"]
[BlackClock "0:00:13"]

1. d4 Nf6 2. Nf3 e6 3. Bf4 d5 4. h3 c5 5. e3 Nc6 6. c3 Bd6 7. Ne5 O-O 8. Nd2 Qe7 9. Ndf3 Nd7 10. Nxd7 Bxd7 11. Bxd6 Qxd6 12. Bd3 h6 13. O-O Rae8 14. e4 cxd4 15. exd5 Qxd5 16. cxd4 Kh8 17. Re1 Nxd4 18. Be4 Nxf3+ 19. Qxf3 Qb5 20. Bxb7 Qxb2 21. a4 Rb8 22. Be4 Qb4 23. Red1 Bxa4 24. Rdb1 Qd4 25. Rc1 Bb5 26. Ra3 a6 27. Rc7 Qd6 28. Rac3 f5 29. Bb7 Rfd8 30. Rc1 Rd7 31. Rc8+ Rxc8 32. Rxc8+ Rd8 33. Rc1 Qd2 34. Ra1 Qd4 35. Re1 Qd6 36. g4 Rf8 37. Rd1 fxg4 38. Qxg4 Qb6 39. Qg2 e5 40. Be4 Qf6 41. Rd2 a5 42. Rb2 Bd7 43. f3 a4 44. Rb7 Bc8 45. Ra7 Qb6+ 46. Qf2 Qxf2+ 47. Kxf2 Bxh3 48. Rxa4 Bf5 49. Bd5 Bg6 50. Kg3 Bf7 51. Be4 Bb3 52. Ra5 Re8 53. Ra7 Kg8 54. Kh4 Kf8 55. Kh5 Bf7+ 56. Bg6 Bxg6+ 57. Kxg6 Re6+ 58. Kh7 Rf6 59. Ra8+ Ke7 60. Ra7+ Ke6 61. Ra3 g5 62. Ra6+ Kf5 63. Rxf6+ Kxf6 64. Kxh6 Kf5 65. Kh5 Kf4 66. Kg6 Kxf3 67. Kf5 e4 68. Ke5 e3 0-1


[Site "https://www.chess.com"]

[Event "Titled Tuesday Blitz August 09 Early 2022"]
[White "Kuznetsova, Olga"]
[Black "Aggelis, Nikolaos"]
[WhiteFideId "4191323"]
[BlackFideId "4213220"]
[WhiteElo "2134"]
[BlackElo "2154"]
[Result "1-0"]
[Round "06"]
[TimeControl "180+1"]
[Date "2022.08.09"]
[WhiteClock "0:00:26"]
[BlackClock "0:00:12"]

1. d4 Nf6 2. g3 d5 3. Bg2 g6 4. Nf3 Bg7 5. O-O O-O 6. Bf4 c5 7. c3 Nc6 8. Ne5 Qb6 9. dxc5 Qxb2 10. Qb3 Qxb3 11. axb3 Nh5 12. Nxc6 bxc6 13. Bc7 e5 14. Nd2 e4 15. Rfc1 Re8 16. e3 Bg4 17. Ra6 Rec8 18. Bd6 Be2 19. Ra2 Nf6 20. Be5 Nd7 21. Bd4 Ne5 22. Nxe4 dxe4 23. Rxe2 Nd3 24. Ra1 Re8 25. Rea2 Bf8 26. b4 Re7 27. Bf1 Ne5 28. Bxe5 Rxe5 29. Rxa7 Rxa7 30. Rxa7 Rd5 31. Bc4 Rd1+ 32. Kg2 Bg7 33. Rxf7 Kh8 34. b5 cxb5 35. c6 Be5 36. Bxb5 Rc1 37. c4 Kg8 38. c7 Bxc7 39. Rxc7 Kf8 40. Rxh7 g5 41. Rh5 Kg7 42. Rxg5+ Kf6 43. Rd5 Ke6 44. h4 Ra1 45. h5 Kf6 46. h6 Kg6 47. Rd6+ Kh7 48. Bc6 Ra5 49. Bxe4+ Kg8 50. h7+ Kg7 51. Rd7+ 1-0


[Site "https://www.chess.com"]

[Event "Titled Tuesday Blitz August 09 Early 2022"]
[White "Lagno, Kateryna"]
[Black "Al-Tarboush, Ward"]
[WhiteFideId "14109336"]
[BlackFideId "7601450"]
[WhiteElo "2522"]
[BlackElo "2234"]
[Result "1-0"]
[Round "06"]
[TimeControl "180+1"]
[Date "2022.08.09"]
[WhiteClock "0:00:08"]
[BlackClock "0:00:02"]

1. e4 c5 2. Nf3 Nc6 3. d4 cxd4 4. Nxd4 Nf6 5. Nc3 e5 6. Ndb5 d6 7. Bg5 a6 8. Na3 b5 9. Nd5 Be7 10. Bxf6 Bxf6 11. c3 Bg5 12. Nc2 O-O 13. h4 Bh6 14. a4 Rb8 15. axb5 axb5 16. Ncb4 Nxb4 17. Nxb4 Be6 18. Nc6 Qc7 19. Nxb8 Qxb8 20. Bd3 b4 21. O-O b3 22. Qe2 Qc8 23. Ra6 Bg4 24. f3 Bd7 25. Qf2 Qc7 26. Rfa1 g6 27. Ra8 Rxa8 28. Rxa8+ Kg7 29. g3 Bc1 30. Kg2 Be6 31. Ra1 Bh6 32. Rh1 Qa5 33. h5 Qc5 34. Qxc5 dxc5 35. Bb5 Bd2 36. Kf2 gxh5 37. Ke2 Bg5 38. Kd3 f5 39. Bc4 fxe4+ 40. fxe4 Bg4 41. Bxb3 Bd7 42. Bc4 Kg6 43. b4 cxb4 44. cxb4 Be7 45. Rb1 Bd8 46. b5 Bb6 47. Ra1 Kg5 48. Ra6 Bf2 49. b6 Bc6 50. Ra7 Kg4 51. Rc7 Kxg3 52. Rxc6 h4 53. b7 Ba7 54. Rh6 h3 55. Ke2 Kg2 56. Be6 h2 57. Bg4 Kg1 58. Bf3 Bb8 59. Rxh7 1-0


[Site "https://www.chess.com"]